 Dungeon Crawl Stone Soup version 0.28-a0-439-g4cf4cd4993 (webtiles) character file.

Game seed: 3464124698923396541

66003 Gargoyl the Fighter (level 15, 0/120 HPs)
             Began as a Gnoll Abyssal Knight on Sept 11, 2021.
             Was a High Priest of Lugonu.
             Slain by a death knight (15 damage)
             ... on level 9 of the Dungeon.
             The game lasted 00:31:55 (25822 turns).

Gargoyl the Fighter (Gnoll Abyssal Knight)         Turns: 25822, Time: 00:31:56

Health: 0/120      AC: 23    Str: 19    XL:     15   Next: 18%
Magic:  28/28      EV: 11    Int: 13    God:    Lugonu [*****.]
Gold:   234        SH: 16    Dex: 14    Spells: 33/33 levels left

rFire   . . .      SeeInvis .   a - +2 hand axe (drain)
rCold   . . .      Faith    .   w - +0 kite shield of Qiewni {rN+}
rNeg    + . .      Spirit   .   E - +4 chain mail "Wounuyh" {Dex+3 Stlth+}
rPois   +          Reflect  +   M - +2 helmet
rElec   .          Harm     .   n - +1 cloak
rCorr   .          Rampage  .   (no gloves)
Will    +....                   u - +0 pair of boots of True Grit {Str+2}
Stlth   ++........              h - amulet of reflection
HPRegen 0.30/turn               m - +4 ring of slaying
MPRegen 0.21/turn               z - ring of poison resistance

@: no status effects
A: fangs 1, strong nose, distributed training
a: Renounce Religion, Depart the Abyss, Bend Space, Banish, Corrupt, Enter the
Abyss


You were on level 9 of the Dungeon.
You worshipped Lugonu.
Lugonu was extremely pleased with you.
You visited 2 branches of the dungeon, and saw 16 of its levels.
You visited the Abyss 1 time.

You collected 903 gold pieces.
You spent 669 gold pieces at shops.

Inventory:

Hand Weapons
 a - a +2 hand axe of draining (weapon)
 v - a +2 hand axe of flaming
 y - a +4 hand axe
 I - a +0 broad axe
Missiles
 d - 5 throwing nets
 g - 41 poisoned darts (quivered)
 H - 7 curare-tipped darts
Armour
 n - a +1 cloak (worn)
 u - the +0 pair of boots of True Grit (worn) {Str+2}
   (You found it on level 6 of the Dungeon)

   Str:       It affects your strength (+2).
 w - the +0 kite shield of Qiewni (worn) {rN+}
   (You bought it in a shop on level 2 of the Dungeon)

   rN:        It protects you from negative energy.
 E - the +4 chain mail "Wounuyh" (worn) {Dex+3 Stlth+}
   (You bought it in a shop on level 2 of the Dungeon)

   Dex:       It affects your dexterity (+3).
   Stlth:     It makes you more stealthy.
 M - a +2 helmet (worn)
Jewellery
 h - an amulet of reflection (around neck)
 i - a ring of protection from cold
 k - a ring of willpower
 m - a +4 ring of slaying (left hand)
 z - a ring of poison resistance (right hand)
 L - an amulet of guardian spirit
Wands
 b - a wand of flame (48)
 c - a wand of digging (5)
 o - a wand of charming (8)
 B - a wand of polymorph (2)
 C - a wand of iceblast (18)
Scrolls
 q - 3 scrolls of holy word
 r - a scroll of fog
 x - 3 scrolls of magic mapping
 A - 2 scrolls of identify
 F - 3 scrolls of teleportation
Potions
 f - a potion of invisibility
 j - 4 potions of haste
 l - 4 potions of magic
 p - 2 potions of resistance
 s - 3 potions of curing
 t - 2 potions of flight
 D - 2 potions of berserk rage
Miscellaneous
 e - a piece from Xom's chessboard (15/15)
 K - a lightning rod (4/4)


   Skills:
 + Level 11.6 Fighting
 + Level 9.9 Short Blades
 + Level 9.9 Long Blades
 + Level 10.8 Axes
 + Level 9.9 Maces & Flails
 + Level 9.9 Polearms
 + Level 9.9 Staves
 + Level 9.9 Slings
 + Level 9.9 Bows
 + Level 9.9 Crossbows
 + Level 9.9 Throwing
 + Level 10.8 Armour
 + Level 10.2 Dodging
 + Level 9.9 Stealth
 + Level 9.9 Shields
 + Level 9.9 Unarmed Combat
 + Level 9.9 Spellcasting
 + Level 8.3 Conjurations
 + Level 8.3 Hexes
 + Level 8.3 Summonings
 + Level 8.3 Necromancy
 + Level 8.3 Translocations
 + Level 8.3 Transmutations
 + Level 8.3 Fire Magic
 + Level 8.3 Ice Magic
 + Level 8.3 Air Magic
 + Level 8.3 Earth Magic
 + Level 8.3 Poison Magic
 + Level 11.5 Invocations
 + Level 9.9 Evocations


You had 33 spell levels left.
You didn't know any spells.
Your spell library contained the following spells:

 Spells                   Type           Power      Damage    Failure   Level
 Freeze                   Ice            100%       1d11      5%          1
 Call Canine Familiar     Summ           28%        N/A       16%         3
 Frozen Ramparts          Ice            56%        1d7       16%         3
 Gell's Gravitas          Tloc           14%        N/A       16%         3
 Lesser Beckoning         Tloc           28%        N/A       16%         3
 Portal Projectile        Hex/Tloc       56%        N/A       16%         3
 Teleport Other           Tloc           28%        N/A       16%         3
 Hailstorm                Conj/Ice       28%        3d8       45%         4
 Leda's Liquefaction      Hex/Erth       14%        N/A       45%         4
 Summon Forest            Summ/Tloc      14%        N/A       82%         5
 Summon Mana Viper        Hex/Summ       28%        N/A       82%         5
 Summon Cactus Giant      Summ           14%        N/A       100%        6
 Malign Gateway           Summ/Tloc      14%        N/A       100%        7
 Summon Horrible Things   Summ           14%        N/A       100%        8


Dungeon Overview and Level Annotations

Branches:
Dungeon (10/15)            Temple (0/1) D:4            Lair (6/6) D:9
 Shoals (0/4) Lair:2       Spider (0/4) Lair:4        Slime (0/5) Lair:6
    Orc: D:9-12

Altars:
Ashenzari
Elyvilon
Fedhas
Gozag
Hepliaklqana
Kikubaaqudgha
Makhleb
Qazlal
Sif Muna
Uskayaw
Vehumet
Wu Jian
Xom

Shops:
D:2 [   D:3 !

Annotations:
Lair:1 3 runed translucent doors, Conn's ghost, journeyman OpFE


Innate Abilities, Weirdness & Mutations

You have very sharp teeth.
Your uncanny sense of smell can sniff out nearby items.
Your experience applies equally to all skills.


Message History

You barely miss the death knight.
The death knight is lightly wounded.
The centaur shoots an arrow.
You reflect the arrow off an invisible shield around you!
The arrow hits the death knight but does no damage.
You block the death knight's attack.
You hit the death knight.
The death knight is lightly wounded.
The centaur shoots an arrow.
The arrow hits you but does no damage.
You hit the death knight but do no damage.
The death knight is lightly wounded.
The centaur shoots an arrow.
The arrow hits you.
The death knight calls down the wrath of Yredelemnul upon you.
Your body is wracked with pain!
You closely miss the death knight.
The death knight is lightly wounded.
The centaur shoots an arrow.
You reflect the arrow off an invisible shield around you!
The arrow hits the death knight but does no damage.
The death knight offers itself to Yredelemnul, and fills with unholy energy.
The centaur shoots an arrow.
The arrow misses you.
There is a stone staircase leading up here.
The death knight hits you with a +0 morningstar!
You climb upwards.
There is a stone staircase leading down here.
You hit the death knight but do no damage.
You drain the death knight.
The death knight is lightly wounded.
The death knight reflects your damage back at you!
The death knight hits you with a +0 morningstar!
You slash the death knight! You bite the death knight.
The death knight is moderately wounded.
The death knight reflects your damage back at you!
* * * LOW HITPOINT WARNING * * *
The death knight hits you with a +0 morningstar!
* * * LOW HITPOINT WARNING * * *
You hit the death knight but do no damage.
The death knight is moderately wounded.
The death knight hits you with a +0 morningstar!
You die...

....#####.##.##.#.....####......#
....###...##.##.#>..............#
........####....#.)....##########
..<.##### ###..#.....## [[[[#
#........# .[..# #.#....######
..### #.###.......# ..#
#.#.p.#####.## #.#
#[.@##...##..##
#.############..###...###..###
.............[...##.>.# ##.(.#
#####.########.#......# ##..# #.#
###.####...# #.## #.### #...#
#...#####.# #..)# ##.#.#
##........# ###.###..#.#
##..######
#.....##.#####..########


You could see a death knight (reflects damage, drained).

Vanquished Creatures
  A dire elephant (Lair:6)
  Harold (D:8)
  7 hydras
  A catoblepas (Lair:6)
  A dancing weapon (D:8)
  2 two-headed ogres (D:9)
  15 death yaks
  A deep troll shaman (Lair:6)
  The ghost of lupus83 the Ruffian, a novice TrFi of Okawaru (D:8)
  A necromancer (Lair:5)
  Pikel (D:7)
  An orc knight (D:9)
  8 black mambas
  Maurice (D:9)
  24 elephants
  A torpor snail (Lair:3)
  Maggie (Lair:2)
  12 cane toads
  A rime drake (Lair:4)
  8 komodo dragons
  An efreet (D:10)
  A polar bear (Lair:6)
  A hornet (Lair:4)
  A wind drake (Lair:2)
  2 slime creatures (Lair:6)
  7 dream sheep
  16 blink frogs
  2 wyverns
  42 yaks
  2 basilisks
  A human (D:9)
  Grum (D:8)
  4 fire bats (Lair:2)
  Menkaure (D:7)
  3 wargs
  14 water moccasins
  2 orc warriors
  An ice beast (D:6)
  2 elephant zombies (Lair:5)
  An ogre (D:5)
  6 black bears
  3 necrophages
  4 centaurs
  14 wolves
  A phantom (D:7)
  A lemure (D:7)
  A komodo dragon zombie (Lair:5)
  7 bullfrogs
  A wyvern zombie (D:6)
  4 killer bees
  10 wights
  A howler monkey (D:6)
  3 electric eels
  A crimson imp (D:5)
  6 centaur zombies
  3 jellies
  A bullfrog skeleton (D:6)
  A hound (D:5)
  7 orc priests
  An iguana (D:4)
  12 orc wizards
  4 hell rats (Lair:5)
  A statue (D:3)
  4 gnolls
  2 howler monkey skeletons
  4 adders (D:2)
  3 white imps
  An ufetubus (D:6)
  2 adder skeletons (D:4)
  25 orcs
  9 ball pythons
  8 endoplasms
  3 giant cockroaches
  5 goblins
  6 hobgoblins
  10 jackals
  6 quokkas
  3 bats
  8 frilled lizards
  5 kobolds
  3 rats
394 creatures vanquished.

Vanquished Creatures (collateral kills)
  2 dream sheep (Lair:3)
2 creatures vanquished.

Vanquished Creatures (others)
  Nessos (Lair:5)
  A hydra (Lair:5)
  A bush (Lair:6)
  26 fungi
  43 plants
72 creatures vanquished.

Grand Total: 468 creatures vanquished

Notes
Turn   | Place    | Note
-------+----------+-------------------------------------------
     0 | Abyss:1  | Gargoyl the Gnoll Abyssal Knight began the quest for the
                  | Orb.
     0 | Abyss:1  | Reached XP level 1. HP: 23/23 MP: 3/3
    16 | Abyss:1  | Noticed a chaos spawn
    50 | Abyss:2  | Noticed a smoke demon
    53 | Abyss:2  | Noticed a bone dragon
    56 | Abyss:2  | HP: 1/23 [something/ball of steam (22)]
    58 | Abyss:2  | Identified the +6 mace of Nuewi {flame, Str+4}
    60 | D:1      | Escaped the Abyss
   531 | D:1      | Reached * piety under Lugonu
   566 | D:1      | Reached XP level 2. HP: 29/29 MP: 5/5
   910 | D:1      | Reached XP level 3. HP: 30/35 MP: 6/6
  1323 | D:2      | Found Ugunguti's Antique Armour Boutique.
  1502 | D:2      | Reached skill level 1 in Short Blades
  1502 | D:2      | Reached skill level 1 in Long Blades
  1502 | D:2      | Reached skill level 1 in Maces & Flails
  1502 | D:2      | Reached skill level 1 in Polearms
  1502 | D:2      | Reached skill level 1 in Staves
  1502 | D:2      | Reached skill level 1 in Slings
  1502 | D:2      | Reached skill level 1 in Bows
  1502 | D:2      | Reached skill level 1 in Crossbows
  1502 | D:2      | Reached skill level 1 in Throwing
  1502 | D:2      | Reached skill level 1 in Stealth
  1502 | D:2      | Reached skill level 1 in Shields
  1502 | D:2      | Reached skill level 1 in Unarmed Combat
  1502 | D:2      | Reached skill level 1 in Spellcasting
  1502 | D:2      | Reached skill level 1 in Evocations
  1646 | D:2      | Reached ** piety under Lugonu
  1660 | D:2      | Reached XP level 4. HP: 41/41 MP: 7/7
  1926 | D:2      | Reached skill level 1 in Conjurations
  1926 | D:2      | Reached skill level 1 in Hexes
  1926 | D:2      | Reached skill level 1 in Summonings
  1926 | D:2      | Reached skill level 1 in Necromancy
  1926 | D:2      | Reached skill level 1 in Translocations
  1926 | D:2      | Reached skill level 1 in Transmutations
  1926 | D:2      | Reached skill level 1 in Fire Magic
  1926 | D:2      | Reached skill level 1 in Ice Magic
  1926 | D:2      | Reached skill level 1 in Air Magic
  1926 | D:2      | Reached skill level 1 in Earth Magic
  1926 | D:2      | Reached skill level 1 in Poison Magic
  2121 | D:3      | Found Achih's Distillery.
  2127 | D:3      | Bought a potion of lignification for 33 gold pieces
  2144 | D:3      | Found a shimmering blue altar of Sif Muna.
  2216 | D:3      | HP: 1/41 [orc priest/divine providence (8)]
  2218 | D:3      | Reached XP level 5. HP: 1/47 MP: 8/8
  2586 | D:3      | Found a faded altar of an unknown god.
  2649 | D:3      | Found a radiant altar of Vehumet.
  2662 | D:3      | Noticed a charred statue
  2743 | D:3      | HP: 1/47 [gnoll (14)]
  3422 | D:3      | Found a burning altar of Makhleb.
  3559 | D:4      | Noticed a necrophage
  3566 | D:4      | Killed a necrophage
  3567 | D:4      | Reached skill level 5 in Invocations
  3567 | D:4      | Reached XP level 6. HP: 36/53 MP: 9/9
  3840 | D:4      | Reached skill level 5 in Axes
  3840 | D:4      | Reached skill level 5 in Armour
  4216 | D:4      | Noticed a necrophage
  4230 | D:4      | Killed a necrophage
  4231 | D:4      | Reached XP level 7. HP: 52/59 MP: 10/10
  4372 | D:4      | Found a stormy altar of Qazlal.
  4540 | D:4      | Found a staircase to the Ecumenical Temple.
  4862 | D:5      | Entered Level 5 of the Dungeon
  5522 | D:6      | Reached *** piety under Lugonu
  5684 | D:6      | Reached XP level 8. HP: 56/67 MP: 12/12
  6811 | D:6      | Found a blossoming altar of Fedhas.
  6828 | D:6      | Identified the +0 pair of boots of True Grit {Str+2}
  7053 | D:2      | Bought a jewelled kite shield for 228 gold pieces
  7053 | D:2      | Identified the +0 kite shield of Qiewni {rN+} (You bought
                  | it in a shop on level 2 of the Dungeon)
  7350 | D:7      | Noticed Pikel
  7362 | D:7      | Killed Pikel
  7363 | D:7      | Reached XP level 9. HP: 56/72 MP: 14/14
  7465 | D:7      | Noticed a manticore
  7473 | D:7      | Banished a manticore
  7624 | D:7      | Reached skill level 5 in Dodging
  8245 | D:7      | Found a hazy altar of Hepliaklqana.
  8264 | D:7      | Identified the +0 ring mail of the Desert {Int+4}
  8308 | D:7      | Noticed Menkaure
  8315 | D:7      | Killed Menkaure
  8763 | D:8      | Found a broken altar of Ashenzari.
  9204 | D:8      | Noticed Grum
  9227 | D:8      | Killed Grum
  9236 | D:8      | Reached XP level 10. HP: 25/80 MP: 17/17
  9243 | D:8      | Found a hide-covered altar of Uskayaw.
  9523 | D:8      | Reached skill level 5 in Conjurations
  9523 | D:8      | Reached skill level 5 in Hexes
  9523 | D:8      | Reached skill level 5 in Summonings
  9523 | D:8      | Reached skill level 5 in Necromancy
  9523 | D:8      | Reached skill level 5 in Translocations
  9523 | D:8      | Reached skill level 5 in Transmutations
  9523 | D:8      | Reached skill level 5 in Fire Magic
  9523 | D:8      | Reached skill level 5 in Ice Magic
  9523 | D:8      | Reached skill level 5 in Air Magic
  9523 | D:8      | Reached skill level 5 in Earth Magic
  9523 | D:8      | Reached skill level 5 in Poison Magic
  9523 | D:8      | Reached XP level 11. HP: 89/89 MP: 17/20
  9563 | D:8      | Noticed Harold
  9589 | D:8      | Killed Harold
 10137 | D:8      | Found a runed translucent door.
 10137 | D:8      | Found a shimmering altar of Xom.
 10137 | D:8      | Noticed lupus83's ghost (novice TrFi)
 10137 | D:8      | Noticed a +0 flail of chaos
 10450 | D:8      | Found an ancient bone altar of Kikubaaqudgha.
 10919 | D:9      | Reached **** piety under Lugonu
 10961 | D:9      | Noticed Maurice
 10978 | D:9      | Noticed Erolcha
 10979 | D:9      | Noticed a two-headed ogre
 10985 | D:9      | Found a staircase to the Lair.
 11271 | D:9      | Banished a two-headed ogre
 11287 | Lair:1   | Entered Level 1 of the Lair of Beasts
 11287 | Lair:1   | Noticed a seven-headed hydra
 11298 | Lair:1   | Banished a seven-headed hydra
 11900 | D:9      | Noticed Erolcha
 11900 | D:9      | Erolcha changed into Erolcha the human
 11917 | D:9      | Killed Erolcha the human
 11947 | D:9      | Found an opulent altar of Gozag.
 12142 | D:10     | Entered Level 10 of the Dungeon
 12157 | D:10     | Noticed a two-headed ogre
 12181 | D:9      | Killed a two-headed ogre
 12436 | D:10     | Found an ornate altar of the Wu Jian Council.
 12438 | D:10     | Found a white marble altar of Elyvilon.
 12625 | D:2      | Bought a brightly glowing chain mail for 228 gold pieces
 12625 | D:2      | Identified the +4 chain mail "Wounuyh" {Dex+3 Stlth+} (You
                  | bought it in a shop on level 2 of the Dungeon)
 12792 | D:8      | Killed a +0 flail of chaos
 12806 | D:8      | Killed lupus83's ghost
 12807 | D:8      | Reached XP level 12. HP: 37/97 MP: 22/22
 13075 | D:9      | Killed Maurice
 13415 | Lair:1   | Noticed a minotaur
 13416 | Lair:1   | Noticed Conn's ghost (journeyman OpFE)
 13441 | Lair:1   | Identified the +2 leather armour "Gohisith" {rPois rC+
                  | Regen+}
 13443 | Lair:1   | Found a runed translucent gate.
 13443 | Lair:1   | Found a runed translucent gate.
 13443 | Lair:1   | Found a runed translucent gate.
 14225 | Lair:2   | Noticed a four-headed hydra
 14236 | Lair:2   | Killed a four-headed hydra
 14413 | Lair:2   | Found a staircase to the Shoals.
 14984 | Lair:2   | Reached skill level 10 in Fighting
 15282 | Lair:2   | Noticed Maggie
 15296 | Lair:2   | Killed Maggie
 15383 | Lair:2   | You fall into a shaft and drop 1 floor!
 16018 | Lair:3   | Noticed a four-headed hydra
 16035 | Lair:3   | Killed a one-headed hydra
 17518 | Lair:4   | Reached XP level 13. HP: 100/104 MP: 25/25
 17560 | Lair:4   | Reached skill level 10 in Invocations
 18114 | Lair:4   | Found a hole to the Spider Nest.
 18992 | Lair:5   | Noticed Nessos
 19436 | Lair:5   | Killed Nessos
 20206 | Lair:5   | Reached skill level 10 in Axes
 20206 | Lair:5   | Reached skill level 10 in Armour
 20371 | Lair:5   | Reached XP level 14. HP: 106/111 MP: 26/26
 20721 | Lair:6   | Entered Level 6 of the Lair of Beasts
 22886 | Lair:6   | Reached ***** piety under Lugonu
 23395 | Lair:6   | Reached skill level 10 in Dodging
 23706 | Lair:6   | Reached XP level 15. HP: 105/119 MP: 28/28
 24005 | Lair:6   | Found a staircase to the Slime Pits.
 25036 | D:2      | Bought a glowing helmet for 180 gold pieces
 25412 | D:10     | Identified the +6 chain mail of the Cricket {Rampage}
 25822 | D:9      | Slain by a death knight

Illustrated notes

Levels and vault maps discovered:
D:1:      shiori_arrival_elements, layout_basic, serial_glass, glass_columns_a,
          glass_columns_b, minmay_tetromino_t4
D:2:      layout_loops_ring, serial_shops, nicolae_shop_overgrown_old_shop
D:3:      layout_loops_ring, mainiacjoe_overflow_boulevard, vehumet_statue,
          mainiacjoe_overflow_alcove_4, serial_shops, shop,
          shapermc_ecumenical_altar_hornbeckon
D:4:      layout_basic, grunt_qazlal_sundering,
          minmay_temple_entry_gardened_gates
D:5:      layout_basic, minmay_fire_ice_demons
D:6:      layout_cave_pods, mainiacjoe_overflow_concentric_impassable,
          kennysheep_nondescript
D:7:      layout_basic, worldfamousw_hep_ancestral_shrine, lemuel_flame_loot_1,
          uniq_menkaure, uniq_pikel
D:8:      layout_loops_corners, nicolae_overflow_crystal_walls,
          mainiacjoe_overflow_tiny_flanked, old_standard_altar,
          ebering_ghost_xom, minivault_14, hex_large, uniq_grum, uniq_harold
D:9:      layout_rooms, kennysheep_mini_moat, erik_lair_orcish_takeover,
          uniq_erolcha, uniq_maurice
D:10:     minmay_the_grid_square_5x5_4x4 [minmay_the_grid_square_5x5_two,
          minmay_the_grid_square_5x5_lines,
          minmay_the_grid_square_5x5_hollow_slash,
          minmay_the_grid_square_5x5_three,
          minmay_the_grid_square_5x5_three_walls,
          minmay_the_grid_square_5x5_prize_pseudospiral,
          minmay_the_grid_square_5x5_prize_open, minmay_the_grid_square_5x5_six,
          minmay_the_grid_square_5x5_empty,
          minmay_the_grid_square_5x5_prize_snowflake,
          minmay_the_grid_square_5x5_prize_rear_guard,
          minmay_the_grid_square_5x5_inset,
          minmay_the_grid_square_5x5_hourglass,
          minmay_the_grid_square_5x5_moneybag,
          minmay_the_grid_square_5x5_minivault, minmay_the_grid_square_5x5_z],
          layout_basic, jmf_multi_god_temple, nicolae_dithmenos_shadow_blocks,
          orc_0_dummy, uniq_josephine, uniq_sonja
Lair:1:   layout_small_grid, maelrawn_ghost_gauntlet_escape
Lair:2:   layout_gridlike, minmay_shoals_entry_beasts, beast_lair_carwin_2,
          grunt_megastairs_4, uniq_maggie
Lair:3:   layout_big_grid, st_stairs_8, minivault_25, infiniplex_staircase_pool
Lair:4:   layout_regular_city, dummy_spider_entry, lemuel_fruit_tree,
          grunt_megastairs_2
Lair:5:   pond_and_an_island_with_a_cottage, layout_hall_layers, uniq_nessos
Lair:6:   grunt_lair_end_beastmaster, layout_small_grid,
          minmay_slime_entry_pillars

Skill      XL: |  1  2  3  4  5  6  7  8  9 10 11 12 13 14 |
---------------+-------------------------------------------+-----
Short Blades   | 1 2 3 4 6 7 8 9 |  9.9
Long Blades    | 1 2 3 4 6 7 8 9 |  9.9
Maces & Flails | 1 2 3 4 6 7 8 9 |  9.9
Polearms       | 1 2 3 4 6 7 8 9 |  9.9
Staves         | 1 2 3 4 6 7 8 9 |  9.9
Slings         | 1 2 3 4 6 7 8 9 |  9.9
Bows           | 1 2 3 4 6 7 8 9 |  9.9
Crossbows      | 1 2 3 4 6 7 8 9 |  9.9
Throwing       | 1 2 3 4 6 7 8 9 |  9.9
Stealth        | 1 2 3 4 6 7 8 9 |  9.9
Shields        | 1 2 3 4 6 7 8 9 |  9.9
Unarmed Combat | 1 2 3 4 6 7 8 9 |  9.9
Spellcasting   | 1 2 3 4 6 7 8 9 |  9.9
Evocations     | 1 2 3 4 6 7 8 9 |  9.9
Conjurations   | 1 2 3 4 5 6 7 8 |  8.3
Hexes          | 1 2 3 4 5 6 7 8 |  8.3
Summonings     | 1 2 3 4 5 6 7 8 |  8.3
Necromancy     | 1 2 3 4 5 6 7 8 |  8.3
Translocations | 1 2 3 4 5 6 7 8 |  8.3
Transmutations | 1 2 3 4 5 6 7 8 |  8.3
Fire Magic     | 1 2 3 4 5 6 7 8 |  8.3
Ice Magic      | 1 2 3 4 5 6 7 8 |  8.3
Air Magic      | 1 2 3 4 5 6 7 8 |  8.3
Earth Magic    | 1 2 3 4 5 6 7 8 |  8.3
Poison Magic   | 1 2 3 4 5 6 7 8 |  8.3
Dodging        | 3 4 5 6 7 8 9 10 | 10.2
Invocations    | 5 6 7 8 9 10 11 | 11.5
Axes           | 5 6 7 8 9 10 | 10.8
Armour         | 5 6 7 8 9 10 | 10.8
Fighting       | 7 8 9 10 11 | 11.6

Action                   |  1- 3 |  4- 6 |  7- 9 | 10-12 | 13-15 || total
-------------------------+-------+-------+-------+-------+-------++-------
Melee: Mace              |    82 |   122 |   253 |   319 |       ||   776
       Bite              |     6 |    17 |    24 |    59 |   200 ||   306
       Punch             |       |     1 |       |       |       ||     1
       Hand axe          |       |       |       |   167 |  1039 ||  1206
Throw: Dart              |       |     4 |     8 |    31 |    20 ||    63
       Throwing net      |       |       |       |     1 |     5 ||     6
Invok: Depart the Abyss  |     1 |       |       |       |       ||     1
       Banish            |       |       |     1 |     6 |     4 ||    11
       Bend Space        |       |       |       |     3 |     3 ||     6
Evoke: Wand              |       |       |       |     2 |     2 ||     4
  Use: Scroll            |     2 |     4 |     8 |    11 |     8 ||    33
       Potion            |       |     2 |     1 |     4 |     3 ||    10
 Stab: Petrified         |       |       |       |     2 |     3 ||     5
       Held in net/web   |       |       |       |     1 |       ||     1
       Sleeping          |       |       |       |       |     2 ||     2
Armor: Leather armour    |    17 |       |       |       |       ||    17
       Scale mail        |    37 |    43 |       |       |       ||    80
       Skin              |       |     6 |       |       |       ||     6
       Plate armour      |       |    24 |   188 |   121 |       ||   333
       Chain mail        |       |       |       |   177 |   472 ||   649
Dodge: Dodged            |    75 |    62 |    77 |   159 |   369 ||   742
Block: Kite shield       |       |       |   114 |   497 |   925 ||  1536
       Reflection        |       |       |       |     8 |    14 ||    22

Table legend: (Time is in decaauts)
 A = Elapsed time spent in this place.
 B = Non-inter-level travel time spent in this place.
 C = Inter-level travel time spent in this place.
 D = Time resting spent in this place.
 E = Time spent auto-exploring this place.
 F = Levels seen in this place.
 G = Mean time per level.
                   A        B        C        D        E       F      G
               +--------+--------+--------+--------+--------+-----+--------+
         Total |  26028 |  24479 |   1549 |   7163 |  12601 |  18 | 1446.0 |
       Dungeon |  13790 |  12720 |   1070 |   3050 |   7278 |  10 | 1379.0 |
          Lair |  12178 |  11699 |    479 |   4091 |   5318 |   6 | 2029.7 |
         Abyss |     59 |     59 |      0 |     22 |      4 |   2 |   29.5 |
               +--------+--------+--------+--------+--------+-----+--------+

Top non-repeatable levels by time:
  Lair:6: 2892 daAuts
     D:8: 2730 daAuts
  Lair:5: 2562 daAuts
  Lair:3: 1930 daAuts
  Lair:4: 1897 daAuts
  Lair:2: 1737 daAuts
     D:9: 1632 daAuts
     D:7: 1601 daAuts
     D:4: 1525 daAuts
     D:3: 1444 daAuts
     D:6: 1327 daAuts
     D:1: 1280 daAuts
  Lair:1: 1158 daAuts
     D:5: 1141 daAuts
     D:2: 916 daAuts
